 Dungeon Crawl Stone Soup version 0.24-a0-459-g225fefd530 (webtiles) character file.

Game seed: 2097067131933023600

4971 Mrkan the Grappler (level 10, -3/94 HPs)
             Began as a Troll Abyssal Knight on June 29, 2019.
             Was a High Priest of Lugonu.
             Slain by a slime creature (19 damage)
             ... on level 9 of the Dungeon.
             The game lasted 00:14:01 (6211 turns).

Mrkan the Grappler (Troll Abyssal Knight)           Turns: 6211, Time: 00:14:01

Health: -3/94      AC:  9    Str: 22    XL:     10   Next: 28%
Magic:  16/16      EV: 10    Int: 10    God:    Lugonu [*****.]
Gold:   381        SH:  0    Dex: 10    Spells: 9/9 levels left

rFire    . . .     SeeInvis .     - Unarmed
rCold    + . .     Gourm    +   (no shield)
rNeg     . . .     Faith    .   B - +0 steam dragon scales
rPois    .         Spirit   .   (helmet restricted)
rElec    .         Reflect  .   (no cloak)
rCorr    .         Harm     +   (gloves unavailable)
MR       .....                  (boots unavailable)
Stlth    +.........             I - amulet of harm
HPRegen  0.65/turn              o - ring of protection from cold
MPRegen  0.15/turn              (no ring)

@: no status effects
A: large, unfitting armour, claws 3, fast metabolism 3, gourmand, regeneration
1, shaggy fur 1, tough skin 3
a: Depart the Abyss, Bend Space, Banish, Corrupt, Enter the Abyss, Renounce
Religion


You were on level 9 of the Dungeon.
You worshipped Lugonu.
Lugonu was extremely pleased with you.
You were not hungry.

You visited 1 branch of the dungeon, and saw 10 of its levels.
You visited the Abyss 1 time.
You also visited: Sewer.

You collected 414 gold pieces.
You spent 33 gold pieces at shops.

Inventory:

Missiles
 u - 239 stones (quivered)
 v - 22 boomerangs
 y - 5 javelins
Armour
 B - +0 steam dragon scales (worn)
Jewellery
 h - an uncursed ring of flight
 o - a ring of protection from cold (left claw)
 I - an amulet of harm (around neck)
Wands
 a - a wand of paralysis (15)
 C - a wand of acid (13)
 F - a wand of flame (17)
Scrolls
 c - 6 scrolls of remove curse
 d - 2 scrolls of fog {unknown}
 g - a scroll of magic mapping {unknown}
 l - 2 scrolls of random uselessness {unknown}
 n - a scroll of immolation {unknown}
 p - 3 scrolls of identify
 q - 3 scrolls of blinking {unknown}
 z - 3 scrolls of teleportation {unknown}
 D - 2 scrolls of enchant armour {unknown}
 E - a scroll of enchant weapon {unknown}
 G - 2 scrolls of fear {unknown}
Potions
 e - a potion of invisibility {unknown}
 f - 2 potions of mutation {unknown}
 i - 4 potions of haste {unknown}
 j - 3 potions of lignification {unknown}
 k - 5 potions of magic {unknown}
 m - 2 potions of brilliance {unknown}
 r - 2 potions of degeneration {unknown}
 s - a potion of heal wounds {unknown}
 t - a potion of flight {unknown}
 w - a potion of might {unknown}
 x - a potion of cancellation {unknown}
 A - 3 potions of curing
 H - a potion of resistance {unknown}
Comestibles
 b - 16 rations


   Skills:
 + Level 4.7 Fighting
 - Level 1.9 Dodging
 - Level 10.5 Unarmed Combat
 * Level 9.4 Invocations


You had 9 spell levels left.
You didn't know any spells.
Your spell library contained the following spells:

 Spells                   Type           Power        Failure   Level  Hunger
 Sting                    Conj/Pois      #...         36%         1    ##.....
 Poisonous Vapours        Pois/Air       #.....       50%         2    ###....
 Mephitic Cloud           Conj/Pois/Air  #.......     75%         3    ####...
 Olgreb's Toxic Radiance  Pois           #.......     98%         4    #####..
 Venom Bolt               Conj/Pois      #.........   100%        5    ######.


Dungeon Overview and Level Annotations

Branches:
Dungeon (10/15)            Temple (0/1) D:7
   Lair: D:8-11         Orc: D:9-12

Altars:
Ashenzari
Fedhas
Hepliaklqana
Ru
Trog
Uskayaw

Shops:
D:7 *


Innate Abilities, Weirdness & Mutations

You are too large for most types of armour.
You have claws for hands.
Your metabolism is lightning-fast.
You like to eat raw meat.
Your natural rate of healing is unusually fast.
You are covered in fur. (AC +1)
You have extremely tough skin. (AC +3)


Message History

A large slime creature splits.
There is an open door here.
A slime creature suddenly becomes a very large slime creature.
A slime creature suddenly becomes an enormous slime creature.
There is an open door here.
The large slime creature hits you!!!
* * * LOW HITPOINT WARNING * * *
There is a stone staircase leading down, spattered with blood here.
A large slime creature splits.
You scratch the slime creature.
The slime creature is moderately wounded.
The slime creature hits you!
* * * LOW HITPOINT WARNING * * *
The slime creature hits you!
* * * LOW HITPOINT WARNING * * *
A slime creature suddenly becomes a large slime creature.
You feel better.
The slime creature hits you but does no damage.
The slime creature hits you!
You die...

.'.J.J....'................##
J#........#..................
.#..#######.J................
.#..#............####........
.#..#.......J....#..'........
.'..#............#..#........
.#.##............#'########..
##.#.......#'##JJ....# #
...+.......#..#.@....#
...#.......#..#......#
##'#.......#..#......#
..[....#####..##.....#
.......#..'....#>....#
.......'..#....#.....#
.......#..#....#.....#
.......#..#....#.....#
.......#########.....#######


You could see a large slime creature and 3 slime creatures.

Vanquished Creatures
  4 hippogriffs
  2 hungry ghosts
  A steam dragon (D:5)
  Menkaure (D:5)
  3 black bears
  3 ice beasts
  2 sky beasts
  3 phantoms
  A necrophage (D:8)
  5 ogres
  2 big kobolds
  3 bullfrogs
  A gnoll sergeant (D:5)
  A water moccasin zombie (D:7)
  3 scorpions
  4 howler monkeys
  7 crimson imps
  A centaur zombie (D:9)
  7 hounds
  2 jellies
  2 bullfrog skeletons (D:7)
  4 orc priests
  8 orc wizards
  An iguana (D:5)
  4 worker ants
  Terence (D:2)
  2 killer bee zombies
  10 gnolls
  6 adders
  An ooze (D:3)
  2 adder skeletons
  3 worms
  2 dart slugs
  7 leopard geckos
  29 orcs
  7 giant cockroaches
  11 goblins
  8 hobgoblins
  17 jackals
  5 quokkas
  5 ball pythons
  12 bats
  8 frilled lizards
  A jackal skeleton (D:8)
  24 kobolds
  6 rats
242 creatures vanquished.

Notes
Turn   | Place    | Note
-------+----------+-------------------------------------------
     0 | Abyss:1  | Mrkan the Troll Abyssal Knight began the quest for the Orb.
     0 | Abyss:1  | Reached XP level 1. HP: 22/22 MP: 1/1
    88 | Abyss:1  | Noticed a starcursed mass
    89 | D:1      | Escaped the Abyss
   183 | D:1      | Reached XP level 2. HP: 29/29 MP: 2/2
   214 | D:1      | Reached * piety under Lugonu
   539 | D:1      | Reached skill level 3 in Unarmed Combat
   550 | D:1      | Reached XP level 3. HP: 26/36 MP: 3/3
  1205 | D:2      | Reached ** piety under Lugonu
  1219 | D:2      | Reached XP level 4. HP: 37/44 MP: 4/4
  1417 | D:2      | Noticed Terence
  1432 | D:2      | Killed Terence
  1432 | D:2      | Reached skill level 4 in Unarmed Combat
  2029 | D:3      | Found a bloodstained altar of Trog.
  2051 | D:3      | Reached XP level 5. HP: 50/50 MP: 6/6
  2360 | D:4      | Found a glowing drain.
  2384 | Sewer    | Entered a sewer
  2452 | Sewer    | Reached *** piety under Lugonu
  3006 | D:4      | Noticed an ogre
  3012 | D:4      | Killed an ogre
  3012 | D:4      | Reached skill level 5 in Unarmed Combat
  3012 | D:4      | Reached XP level 6. HP: 32/59 MP: 7/7
  3210 | D:5      | Entered Level 5 of the Dungeon
  3285 | D:5      | Noticed a steam dragon
  3301 | D:5      | Killed a steam dragon
  3301 | D:5      | Reached skill level 6 in Unarmed Combat
  3301 | D:5      | Reached XP level 7. HP: 40/66 MP: 7/9
  3411 | D:5      | Noticed Menkaure
  3456 | D:5      | Killed Menkaure
  3456 | D:5      | Reached skill level 7 in Unarmed Combat
  3678 | D:5      | Reached skill level 5 in Invocations
  3682 | D:5      | Reached XP level 8. HP: 27/74 MP: 10/10
  3874 | D:6      | Reached skill level 8 in Unarmed Combat
  3942 | D:6      | Found a shattered altar of Ashenzari.
  3942 | D:6      | Found a hide-covered altar of Uskayaw.
  4036 | D:6      | Found a blossoming altar of Fedhas.
  4111 | D:6      | Reached **** piety under Lugonu
  4149 | D:6      | Reached skill level 9 in Unarmed Combat
  4516 | D:7      | You fall into a shaft and drop 3 floors!
  4516 | D:10     | Entered Level 10 of the Dungeon
  4517 | D:10     | Noticed a hippogriff
  4531 | D:10     | Killed a hippogriff
  4564 | D:9      | Reached XP level 9. HP: 72/80 MP: 12/12
  4634 | D:8      | Found a hazy altar of Hepliaklqana.
  4742 | D:7      | Found a staircase to the Ecumenical Temple.
  4744 | D:7      | Reached skill level 10 in Unarmed Combat
  4797 | D:7      | Found a hide-covered altar of Uskayaw.
  5009 | D:7      | Found Otediv's General Store.
  5012 | D:7      | Bought a potion of curing for 33 gold pieces
  5266 | D:7      | Reached ***** piety under Lugonu
  5483 | D:8      | Found a sacrificial altar of Ru.
  5739 | D:8      | Reached XP level 10. HP: 90/92 MP: 15/15
  6211 | D:9      | Slain by a slime creature

Levels and vault maps discovered:
D:1:      dpeg_arrival_chase, layout_basic, minmay_split_cup_large
D:2:      layout_basic, first_ration, uniq_terence
D:3:      layout_loops_ring, trog_three_pillars_becter
D:4:      layout_gridville, cheibrodos_sewer_entry_sluice
D:5:      layout_rooms, uniq_menkaure
D:6:      layout_basic, lemuel_doored_altar, gammafunk_temple_overflow_wave
D:7:      layout_loops_ring, minmay_temple_entry_overgrown, serial_shops, shop,
          basic_altar
D:8:      layout_rooms, lemuel_round_altar, nicolae_ru_sacrificial_ziggurat
D:9:      layout_gridville, hangedman_little_slice_of_home
D:10:     layout_rooms, lair_entry_dummy

Skill      XL: |  1  2  3  4  5  6  7  8  9 10 |
---------------+-------------------------------+-----
Invocations    | 2 3 4 5 6 8 9 |  9.4
Unarmed Combat | 3 4 5 6 7 9 10 | 10.5
Fighting       | 4 |  4.7
Dodging        | |  1.9

Action                   |  1- 3 |  4- 6 |  7- 9 | 10-12 || total
-------------------------+-------+-------+-------+-------++-------
Melee: Unarmed           |   142 |   190 |   364 |    59 ||   755
       Punch             |     2 |     3 |    16 |     3 ||    24
Invok: Depart the Abyss  |     1 |       |       |       ||     1
  Use: Scroll            |       |       |     4 |       ||     4
       Potion            |       |       |       |     1 ||     1
 Stab: Sleeping          |       |     1 |     1 |       ||     2
  Eat: Chunk             |    16 |    21 |    31 |     3 ||    71
Armor: Robe              |    64 |    78 |     6 |       ||   148
       Steam dragon scal |       |       |   158 |    31 ||   189
Dodge: Dodged            |    98 |   125 |   176 |    30 ||   429

Table legend:
 A = Non-vault XP
 B = Vault XP
 C = Vault XP percentage of total XP
 D = Non-vault monster count
 E = Vault monster count
 F = Vault count percentage of total count
                 A         B        C        D         E       F
            +---------+---------+-------+---------+---------+-------
      Total |    6834 |     268 |   3.8 |     214 |      28 |  11.6
            +---------+---------+-------+---------+---------+-------
        D:1 |      50 |      10 |  16.7 |      28 |       6 |  17.6
        D:2 |      59 |      36 |  37.9 |      27 |       1 |   3.6
        D:3 |      82 |       0 |   0.0 |      14 |       0 |   0.0
        D:4 |     176 |       8 |   4.3 |       9 |       3 |  25.0
        D:5 |     827 |     175 |  17.5 |      25 |       1 |   3.8
        D:6 |     964 |       0 |   0.0 |      32 |       0 |   0.0
        D:7 |    1156 |       0 |   0.0 |      25 |       0 |   0.0
        D:8 |    1536 |       0 |   0.0 |      31 |       0 |   0.0
        D:9 |    1729 |       0 |   0.0 |      22 |       0 |   0.0
       D:10 |     255 |       0 |   0.0 |       1 |       0 |   0.0
      Sewer |       0 |      39 | 100.0 |       0 |      17 | 100.0
            +---------+---------+-------+---------+---------+-------
